 Dungeon Crawl Stone Soup version 0.23.2-30-g0e89c35649 (webtiles) character file.

Game seed: 10571990041058876164

752375 woke the Wrestler (level 27, -9/386 HPs)
             Began as a Troll Wizard on June 11, 2019.
             Was the Champion of Cheibriados.
             Killed by divine providence
             ... invoked by a daeva
             ... led by a seraph
              (15 damage)
             ... on level 5 of the Realm of Zot on June 13, 2019.
             The game lasted 07:40:05 (72692 turns).

woke the Wrestler (Troll Wizard)                   Turns: 72692, Time: 07:40:06

Health: -9/386     AC: 37    Str: 40    XL:     27
Magic:  47/51      EV: 17    Int: 47    God:    Cheibriados [******]
Gold:   1488       SH: 16    Dex: 18    Spells: 2/48 levels left

rFire    + + +     SeeInvis +     - Unarmed
rCold    . . .     Gourm    +   Z - +1 shield of Agnosticism {rN+ Int+3 Stlth-}
rNeg     + + +     Faith    .   (armour currently unavailable)
rPois    ∞         Spirit   .   B - +3 hat of Pondering {ponderous, MR+ MP+10 Int+5}
rElec    +         Reflect  +   U - +2 cloak {MR+}
rCorr    .         Harm     .   (gloves unavailable)
MR       +++++     Rnd*Tele +   (boots unavailable)
Stlth    +.........             F - +2 amulet of reflection
HPRegen  1.54/turn              o - ring of Jipaat {rPois rN+ MR++ Int+4 Dex-2}
MPRegen  0.32/turn              n - ring of Batuonn {rF+++ rN+ Dex-4 SInv Stlth+}

@: statue-form, death channel, glowing, very slow
A: large, unfitting armour, claws 3, hooves 1, fast metabolism 3, gourmand, high
mp 1, sense surroundings 1, poison resistance, regeneration 2, teleportitis 1,
evolution 1, sturdy frame 1
0: Orb of Zot
}: 4/15 runes: decaying, serpentine, silver, abyssal
a: End Transformation, Bend Time, Temporal Distortion, Slouch, Step From Time,
Renounce Religion


You were on level 5 of the Realm of Zot.
You worshipped Cheibriados.
Cheibriados was exalted by your worship.
You were not hungry.
You were a stone statue.
You visited 11 branches of the dungeon, and saw 53 of its levels.
You visited the Abyss 1 time.
You also visited: Gauntlet, Ice Cave and Desolation.

You collected 11257 gold pieces.
You spent 9769 gold pieces at shops.

Inventory:

Hand Weapons
 K - a +9 scimitar of flaming
Missiles
 u - 5 javelins of penetration
 x - 8 throwing nets
 X - 80 large rocks (quivered)
Armour
 B - the +3 hat of Pondering (worn) {ponderous, MR+ MP+10 Int+5}
   (You found it on level 3 of the Snake Pit)

   It affects your intelligence (+5).
   It affects your resistance to hostile enchantments.
   It affects your magic capacity (+10).
 Q - the +8 fire dragon scales of the Hidden Vale (melded) {-Tele rElec rF++ rC- MP+9 Dex+6}
   (You bought it in a shop on level 11 of the Dungeon)

   It affects your dexterity (+6).
   It greatly protects you from fire.
   It makes you vulnerable to cold.
   It insulates you from electricity.
   It affects your magic capacity (+9).
   It prevents most forms of teleportation.
 U - a +2 cloak of magic resistance (worn)
 Z - the +1 shield of Agnosticism (worn) {rN+ Int+3 Stlth-}
   (You bought it in a shop on level 2 of the Orcish Mines)

   It affects your intelligence (+3).
   It protects you from negative energy.
   It makes you less stealthy.
Magical Staves
 a - an uncursed staff of wizardry
Jewellery
 n - the ring of Batuonn (right claw) {rF+++ rN+ Dex-4 SInv Stlth+}
   (You found it on level 3 of the Crypt)

   [ring of positive energy]

   It affects your dexterity (-4).
   It renders you almost immune to fire.
   It protects you from negative energy.
   It lets you see invisible.
   It makes you more stealthy.
 o - the ring of Jipaat (left claw) {rPois rN+ MR++ Int+4 Dex-2}
   (You took it off a fire giant on level 2 of the Depths)

   [ring of poison resistance]

   It affects your intelligence (+4).
   It affects your dexterity (-2).
   It protects you from poison.
   It protects you from negative energy.
   It affects your resistance to hostile enchantments.
 v - the ring "Kitonoutou" {rPois Str+5 Int+2 Dex-3 SInv}
   (You found it in a Gauntlet)

   [ring of strength]

   It affects your strength (+5).
   It affects your intelligence (+2).
   It affects your dexterity (-3).
   It protects you from poison.
   It lets you see invisible.
 F - a +2 amulet of reflection (around neck)
 G - an uncursed ring of protection from cold
 M - the ring "Suypturr" {+Inv +Fly rElec rC+}
   (You found it in an ice cave)

   [ring of protection from cold]

   It protects you from cold.
   It insulates you from electricity.
   It lets you turn invisible.
   It lets you fly.
 Y - an uncursed ring of resist corrosion
Wands
 m - a wand of acid (20)
 r - a wand of enslavement (8)
 y - a wand of iceblast (61)
 P - a wand of digging (15)
 S - a wand of clouds (3)
Scrolls
 c - 29 scrolls of remove curse
 e - 4 scrolls of blinking
 g - 7 scrolls of fog
 k - 21 scrolls of teleportation
 q - 2 scrolls of immolation
 t - 2 scrolls of enchant armour
 A - a scroll of amnesia
 C - 10 scrolls of identify
 J - 5 scrolls of magic mapping
 L - 6 scrolls of fear
 R - 3 scrolls of summoning
Potions
 b - 7 potions of magic
 h - 3 potions of agility
 l - a potion of invisibility
 w - 6 potions of flight
 z - 6 potions of ambrosia
 D - 4 potions of cancellation
 H - 12 potions of brilliance
 I - 16 potions of heal wounds
 T - 6 potions of resistance
Miscellaneous
 i - a lamp of fire
 j - 2 phantom mirrors
 O - a phial of floods
 W - 2 boxes of beasts
Comestibles
 d - 81 rations


   Skills:
 + Level 21.6 Fighting
 - Level 3.0 Long Blades
 - Level 6.1 Throwing
 - Level 11.5 Armour
 - Level 10.3 Dodging
 - Level 1.0 Stealth
 - Level 9.1 Shields
 - Level 23.3 Unarmed Combat
 - Level 11.2 Spellcasting
 - Level 6.2 Conjurations
 - Level 2.2 Hexes
 - Level 3.0 Charms
 - Level 12.0 Summonings
 - Level 9.7 Necromancy
 - Level 10.2 Translocations
 - Level 10.1 Transmutations
   Level 2.7 Fire Magic
 - Level 10.1 Earth Magic
 - Level 11.1 Invocations
 - Level 5.0 Evocations


You had 2 spell levels left.
You knew the following spells:

 Your Spells              Type           Power        Failure   Level  Hunger
a - Irradiate             Conj/Tmut      #######...   1%          5    None
b - Blink                 Tloc           N/A          1%          2    None
c - Death Channel         Necr           #######...   2%          6    ##.....
d - Song of Slaying       Chrm           ######..     1%          2    None
e - Confusing Touch       Hex            #####.       1%          1    None
f - Regeneration          Chrm/Necr      ######....   1%          3    None
g - Passage of Golubria   Tloc           N/A          1%          4    None
h - Borgnjor's Vile Clut  Necr/Erth      #######...   1%          5    None
i - Statue Form           Tmut/Erth      #######..    2%          6    ##.....
j - Apportation           Tloc           ######       0%          1    None
k - Summon Lightning Spi  Summ/Air       ######..     1%          4    None
l - Malign Gateway        Summ/Tloc      #######...   9%          7    ####...

Your spell library contained the following spells:

 Spells                   Type           Power        Failure   Level  Hunger
 Beastly Appendage        Tmut           ######       0%          1    None
 Summon Small Mammal      Summ           ####         0%          1    None
 Call Imp                 Summ           #######.     0%          2    None
 Animate Skeleton         Necr           N/A          1%          1    None
 Corona                   Hex            #####..      1%          1    None
 Flame Tongue             Conj/Fire      #####        1%          1    None
 Freeze                   Ice            ####         1%          1    None
 Infusion                 Chrm           ####         1%          1    None
 Magic Dart               Conj           ####         1%          1    None
 Pain                     Necr           ####         1%          1    None
 Shock                    Conj/Air       ####         1%          1    None
 Sting                    Conj/Pois      ####         1%          1    None
 Ensorcelled Hibernation  Hex/Ice        #####.       1%          2    None
 Passwall                 Tmut/Erth      #######.     1%          2    None
 Poisonous Vapours        Pois/Air       ####..       1%          2    None
 Shroud of Golubria       Chrm/Tloc      ######....   1%          2    None
 Slow                     Hex            #####...     1%          2    None
 Sublimation of Blood     Necr           #######...   1%          2    None
 Swiftness                Chrm/Air       #####...     1%          2    None
 Throw Flame              Conj/Fire      ######       1%          2    None
 Call Canine Familiar     Summ           #######.     1%          3    None
 Confuse                  Hex            #####...     1%          3    None
 Conjure Flame            Conj/Fire      ######..     1%          3    None
 Dazzling Spray           Conj/Hex       ######       1%          3    None
 Gell's Gravitas          Tloc           #######...   1%          3    None
 Ignite Poison            Fire/Tmut/Pois ######..     1%          3    None
 Inner Flame              Hex/Fire       #####...     1%          3    None
 Lesser Beckoning         Tloc           #######...   1%          3    None
 Mephitic Cloud           Conj/Pois/Air  #####...     1%          3    None
 Ozocubu's Armour         Chrm/Ice       #####...     1%          3    None
 Portal Projectile        Hex/Tloc       ######       1%          3    None
 Recall                   Summ/Tloc      N/A          1%          3    None
 Spectral Weapon          Hex/Chrm       ######..     1%          3    None
 Static Discharge         Conj/Air       ######..     1%          3    None
 Summon Guardian Golem    Hex/Summ       #######.     1%          3    None
 Teleport Other           Tloc           #######.     1%          3    None
 Tukima's Dance           Hex            #####...     1%          3    None
 Vampiric Draining        Necr           #######...   1%          3    None
 Animate Dead             Necr           N/A          1%          4    None
 Ice Form                 Ice/Tmut       ######..     1%          4    None
 Leda's Liquefaction      Hex/Erth       ######....   1%          4    None
 Petrify                  Tmut/Erth      #######.     1%          4    None
 Sticky Flame             Conj/Fire      ######..     1%          4    None
 Summon Ice Beast         Ice/Summ       ######..     1%          4    None
 Aura of Abjuration       Summ           #######...   1%          5    None
 Bolt of Magma            Conj/Fire/Erth ######....   1%          5    None
 Dispel Undead            Necr           #######.     1%          5    None
 Lee's Rapid Deconstruct  Erth           #######...   1%          5    None
 Summon Demon             Summ           #######...   1%          5    None
 Yara's Violent Unravell  Hex/Tmut       ######....   1%          5    None
 Throw Icicle             Conj/Ice       ######..     2%          4    None
 Hydra Form               Tmut           #######...   2%          6    ##.....
 Cause Fear               Hex            #####.....   3%          4    None
 Alistair's Intoxication  Tmut/Pois      ######..     3%          5    None
 Fireball                 Conj/Fire      ######....   4%          5    None
 Iron Shot                Conj/Erth      #######...   5%          6    ##.....
 Lightning Bolt           Conj/Air       ######....   8%          5    None
 Venom Bolt               Conj/Pois      ######....   8%          5    None
 Airstrike                Air            ####......   10%         4    None
 Olgreb's Toxic Radiance  Pois           ####....     10%         4    None
 Haunt                    Necr/Summ      #######...   10%         7    ####...
 Dragon Form              Tmut           #######...   13%         7    ####...
 Metabolic Englaciation   Hex/Ice        #####.....   17%         5    None
 Silence                  Hex/Air        #####.....   17%         5    None
 Simulacrum               Ice/Necr       ######....   21%         6    ##.....
 Bolt of Cold             Conj/Ice       ######....   38%         6    ##.....
 Conjure Ball Lightning   Conj/Air       ######....   38%         6    ##.....
 Freezing Cloud           Conj/Ice/Air   #####.....   54%         6    ##.....
 Orb of Destruction       Conj           ######....   54%         7    ####...
 Deflect Missiles         Chrm/Air       #####.....   63%         6    ##.....
 Ozocubu's Refrigeration  Ice            ####......   83%         6    ##.....
 Ring of Flames           Chrm/Fire      ######....   94%         7    ####...
 Discord                  Hex            #####.....   100%        8    ######.
 Shatter                  Erth           #######...   100%        9    #######
 Tornado                  Air            ####......   100%        9    #######


Dungeon Overview and Level Annotations

Branches:
Dungeon (15/15)            Temple (1/1) D:6            Lair (6/6) D:8
  Swamp (4/4) Lair:3        Snake (4/4) Lair:3        Slime (0/5) Lair:6
    Orc (2/2) D:10            Elf (3/3) Orc:2        Vaults (5/5) D:13
  Crypt (3/3) Vaults:3       Tomb (0/3) Crypt:3      Depths (5/5) D:15
    Zot (5/5) Depths:5

Altars:
Ashenzari
Cheibriados
Elyvilon
Fedhas
Kikubaaqudgha
Makhleb
Nemelex Xobeh
Ru
Sif Muna
Trog
Uskayaw
Vehumet
Wu Jian
Xom
Yredelemnul
Zin

Shops:
D:11 [   D:14 :   Orc:2 [:}!   Elf:1 *   Elf:2 !*!:   Vaults:1 ?
Vaults:5 *!}}?!!!![?!!   Depths:2 !*

Portals:
Hell: Depths:1 Depths:2 Depths:3 Depths:4 Depths:5
Abyss: Depths:3 Depths:4
Pandemonium: Depths:3 Depths:5
Ziggurat: Depths:5

Annotations:
D:2 exclusion: downstairs
D:3 cjay27's ghost, amateur DsAK
D:5 exclusion: downstairs
D:6 1 runed translucent door, Sharpo's ghost, novice GrFi
D:8 exclusion: downstairs
D:13 exclusion: downstairs
D:14 exclusion: 2 downstairs
Lair:4 exclusion: 4 oklob plants
Swamp:1 exclusion: downstairs
Swamp:3 exclusion: 2 downstairs
Snake:1 2 transporters, Elinuc's ghost, adept DEWz
Snake:2 2 transporters, exclusion: 2 downstairs, OwlQaeda's ghost, journeyman DsFE
Snake:3 exclusion: 2 downstairs
Elf:2 3 runed translucent doors, exclusion: 2 downstairs
Vaults:1 exclusion: 2 downstairs
Depths:1 exclusion: downstairs
Depths:5 exclusion: 4 draconian stormcallers
Zot:1 2 transporters, Hycrow's ghost, master MiBe


Innate Abilities, Weirdness & Mutations

You are too large for most types of armour.
You have claws for hands.
Your metabolism is lightning-fast.
You like to eat raw meat.
You heal very quickly.
((You are covered in fur. (AC +1)))
((You have extremely tough skin. (AC +3)))
You have large cloven feet.
You have an increased reservoir of magic. (+10% MP)
You passively map a small area around you.
Your system is resistant to poisons. (rPois)
You are occasionally teleported next to monsters.
You evolve.
Your movements are slightly less encumbered by armour. (ER -2)


Message History

* * * LOW HITPOINT WARNING * * *
The angel hits you but does no damage. x2; The cherub closely misses you.
The cherub gores you but does no damage.
You closely miss the seraph. Your kick misses the seraph.
The seraph is heavily wounded.
The seraph no longer looks unusually strong.
The cherub no longer looks unusually strong.
The seraph closely misses you. The seraph hits you but does no damage.
You block the angel's attack. The angel hits you but does no damage.
You block the angel's attack. The angel hits you but does no damage.
The seraph hits you with a +7 great sword of flaming.
* * * LOW HITPOINT WARNING * * *
The seraph hits you with a +7 great sword of flaming.
* * * LOW HITPOINT WARNING * * *
The daeva calls down the wrath of the Shining One upon you.
The Shining One smites you!
* * * LOW HITPOINT WARNING * * *
The daeva calls down the wrath of the Shining One upon you.
The Shining One smites you!
You die...

.............^.....## #
..^.........^.......# ▓▓▓▓▓▓▓▓▓ #
......^.............▓▓▓.....^.▓▓▓
....................▓▓.........▓▓
....[...^...........▓.......^...▓
..............A.A................
..............AAAA..▓.^.....^...▓
..........^.^.AAAA..▓▓.........▓▓
..............AA8A..▓▓▓.......▓▓▓
...............AA...▓ ▓▓▓▓▓▓▓▓▓ ▓
.^.................▓▓ ▓
.................▓▓▓
▓...........^.▓▓▓▓
▓▓▓▓▓▓▓▓▓▓▓▓▓▓▓


You could see 2 seraphim, 3 daevas, 3 angels and 7 cherubim.

Vanquished Creatures
  10 orbs of fire
  4 ancient liches
  A juggernaut (Depths:2)
  Boris (twice) (Depths:4 Vaults:5)
  Vashnia (Snake:4)
  3 Killer Klowns
  Bai Suzhen (Swamp:4)
  A caustic shrike (shapeshifter) (Depths:3)
  2 caustic shrikes (Depths:4)
  3 curse toes (Zot:4)
  A profane servitor (Crypt:3)
  5 golden dragons
  2 bone dragons
  2 electric golems
  5 liches
  18 tentacled monstrosities
  3 deep elf blademasters
  4 titans
  20 Orb Guardians (Zot:5)
  3 deep elf master archers
  An acid blob (shapeshifter) (Depths:2)
  9 death cobs
  4 quicksilver dragons
  7 sphinxes
  2 ancient champions (Crypt:2)
  A kraken (Abyss:4)
  17 storm dragons
  Kirke (Swamp:1)
  13 shadow dragons
  Agnes (Snake:2)
  Roxanne (Snake:4)
  2 tentacled starspawn (Abyss:4)
  25 nagarajas
  8 tengu reavers
  2 storm dragons (shapeshifter) (Depths:3)
  2 draconian monks (Zot:4)
  A daeva (Abyss:4)
  14 frost giants
  3 revenants
  12 fire giants
  A fire giant (shapeshifter) (Vaults:3)
  12 vault wardens
  2 ghost moths
  2 iron dragons (Depths:3)
  5 draconian scorchers
  7 deep elf sorcerers
  An angel (Zot:5)
  7 draconian knights
  4 draconian shifters
  3 deep elf elementalists (Elf:3)
  4 draconian stormcallers
  4 draconian annihilators
  An imperial myrmidon (Desolation)
  2 curse skulls (Crypt:3)
  Aizul (Snake:2)
  A reaper (Crypt:2)
  6 spriggan defenders
  10 ghouls
  18 ironheart preservers
  A war gargoyle (Depths:3)
  15 green draconians
  36 very ugly things
  An entropy weaver (shapeshifter) (Depths:3)
  12 stone giants
  8 deep elf demonologists
  A dire elephant (shapeshifter) (Depths:2)
  10 purple draconians
  9 deep elf annihilators
  A lorocyproca (Depths:3)
  3 dire elephants (Lair:6)
  3 white draconians
  2 halazid warlocks (Desolation)
  4 vampire knights
  9 black draconians
  8 red draconians
  A minotaur (Gauntlet)
  8 deep elf death magi
  8 spark wasps
  14 yellow draconians
  10 eidola
  A merfolk javelineer (Depths:4)
  11 fire dragons
  12 ettins
  6 jiangshi
  A fire dragon (shapeshifter) (Vaults:5)
  3 crystal guardians
  A merfolk impaler (Depths:5)
  17 yaktaur captains
  A mummy priest (Crypt:3)
  6 ragged hierophants (Desolation)
  5 great orbs of eyes
  21 vault guards
  16 ogre magi
  Erolcha (D:9)
  23 hydras
  8 servants of whispers (Desolation)
  4 deep elf high priests
  11 ice dragons
  2 ghost crabs (Swamp:4)
  6 rakshasas
  2 shambling mangroves
  5 spriggan air magi
  Erica (D:8)
  18 naga warriors
  A juggernaut simulacrum (Depths:3)
  14 anacondas
  14 alligators
  13 peacekeepers (Desolation)
  16 dancing weapons
  7 centaur warriors
  12 death knights
  54 two-headed ogres
  A queen ant (shapeshifter) (Depths:3)
  A two-headed ogre (shapeshifter) (Abyss:4)
  A satyr (shapeshifter) (Depths:3)
  4 tengu warriors
  A death yak (shapeshifter) (Depths:3)
  A death yak (IceCv)
  8 deep troll earth magi
  2 deep troll shamans (Depths:1)
  An orc high priest (Orc:2)
  A shock serpent (shapeshifter) (Vaults:5)
  5 vampire magi (Crypt:1)
  A titan zombie (Crypt:3)
  13 naga sharpshooters
  8 shock serpents
  A storm dragon zombie (Crypt:3)
  6 hell knights
  5 spriggan berserkers (Depths:2)
  11 deep elf knights
  A sun demon (Abyss:4)
  4 iron trolls (Depths:1)
  Nergalle (Lair:3)
  3 salamander mystics (Snake:3)
  36 skeletal warriors
  A fire crab (Abyss:4)
  4 wretched stars
  15 spriggans
  2 spatial maelstroms (Abyss:4)
  2 anaconda zombies (Crypt:3)
  2 shadow wraiths
  6 unseen horrors
  6 flayed ghosts
  2 fire crabs (shapeshifter)
  6 swamp dragons
  4 sea snakes (Snake:4)
  17 deep elf archers
  A shadow dragon zombie (Crypt:3)
  A golden dragon zombie (Crypt:1)
  3 spriggan druids
  25 deep trolls
  A glowing orange brain (shapeshifter) (Abyss:4)
  13 naga ritualists
  8 wizards
  3 glowing orange brains
  28 phantasmal warriors
  11 ironbrand convokers
  2 wolf spider zombies
  3 necromancers
  2 iron dragon zombies
  11 orc knights
  3 orc sorcerers
  A faun (shapeshifter) (Depths:3)
  2 stone giant zombies
  A mana viper (shapeshifter) (Depths:3)
  8 mana vipers
  A manticore (D:15)
  58 deep elf magi
  7 salamanders
  41 ugly things
  7 cyclopes
  34 slime creatures
  A manticore (shapeshifter) (Vaults:5)
  A salamander (shapeshifter) (Vaults:4)
  A frost giant skeleton (Crypt:1)
  7 wolf spiders
  A worldbinder (Vaults:5)
  A black mamba (shapeshifter) (Vaults:1)
  13 moths of wrath
  A moth of wrath (shapeshifter) (Vaults:3)
  An apocalypse crab (Abyss:4)
  Maurice (D:10)
  2 dire elephant zombies
  30 black mambas
  11 vault sentinels
  A water nymph (shapeshifter) (Vaults:5)
  An ice statue (IceCv)
  12 naga magi
  19 elephants
  7 guardian serpents
  A smoke demon (Abyss:4)
  A torpor snail (Gauntlet)
  A spiny frog (shapeshifter) (Vaults:1)
  11 spiny frogs
  Psyche (D:11)
  A gargoyle (D:14)
  A kobold demonologist (D:14)
  10 swamp worm zombies (Crypt:2)
  50 yaktaurs
  2 rime drakes
  A red draconian zombie (Crypt:2)
  A hellwing (Abyss:4)
  2 komodo dragons (shapeshifter)
  A minotaur skeleton (Crypt:1)
  An efreet (D:15)
  9 freezing wraiths
  3 ancient zymes (Abyss:4)
  3 guardian mummies
  2 tengu conjurers
  7 komodo dragons
  A red draconian skeleton (Crypt:2)
  The ghost of konso the Digger, an amateur DDEE of Vehumet (D:5)
  2 hydra zombies
  A queen bee (shapeshifter) (Vaults:4)
  6 trolls
  12 tyrant leeches
  A merfolk (D:9)
  24 hornets
  16 polar bears (IceCv)
  A harpy skeleton (D:14)
  A blink frog (shapeshifter) (Depths:2)
  4 jumping spiders (Crypt:3)
  50 saltlings (Desolation)
  2 hydra skeletons (Crypt:1)
  3 ettin zombies
  14 bog bodies
  A raiju (Abyss:4)
  12 blink frogs
  3 fire dragon zombies
  6 hippogriffs
  A meliai zombie (D:15)
  5 dream sheep (Lair:5)
  A hippogriff (shapeshifter) (Vaults:4)
  2 air elementals (Elf:3)
  22 water elementals
  A tarantella (shapeshifter) (Elf:3)
  3 ynoxinuls (Abyss:4)
  A redback (Crypt:3)
  A black mamba skeleton (Crypt:1)
  11 small abominations
  2 wyverns
  3 shadows
  A hog (shapeshifter) (Vaults:3)
  11 wraiths
  50 yaks
  6 hogs (Swamp:1)
  19 humans (D:13)
  5 basilisks
  A fire elemental (Elf:2)
  5 hungry ghosts
  Grum (D:10)
  A chaos spawn (Depths:4)
  A neqoxec (Abyss:4)
  2 steam dragons
  24 vampire mosquitoes
  A swamp worm (shapeshifter) (Depths:1)
  A spatial vortex (Abyss:4)
  4 insubstantial wisps (Swamp:2)
  A merfolk zombie (Crypt:1)
  15 swamp worms
  16 water moccasins
  7 wargs
  58 nagas
  7 large abominations
  A monstrous demonspawn skeleton (Crypt:2)
  11 porcupines
  27 orc warriors
  15 swamp drakes
  4 black bears
  4 phantoms
  A snapping turtle zombie (Crypt:3)
  16 necrophages
  9 ice beasts
  A manticore zombie (Crypt:2)
  2 sky beasts
  An eye of draining (shapeshifter) (Vaults:4)
  An eye of draining (D:15)
  53 ogres
  18 boggarts
  28 wolves
  12 centaurs
  A centaur (shapeshifter) (Depths:3)
  10 crocodiles
  A swamp dragon skeleton (Crypt:2)
  An elf zombie (Crypt:3)
  A big kobold (D:3)
  20 bullfrogs
  4 earth elementals
  10 wyvern skeletons (Crypt:3)
  A polar bear zombie (Crypt:1)
  3 scorpions
  9 killer bees
  A spriggan skeleton (Crypt:2)
  7 howler monkeys
  8 wights
  7 electric eels
  7 centaur zombies
  2 raiju skeletons (Crypt:1)
  8 crimson imps
  2 human zombies (Crypt:1)
  2 quasits
  A jelly (D:13)
  Crazy Yiuf (D:7)
  9 centaur skeletons
  20 orc priests
  8 hounds
  21 orc wizards
  5 human skeletons (Crypt:1)
  6 iguanas
  4 hell rats (Lair:2)
  11 worker ants
  A hound zombie (D:7)
  A hound skeleton (D:5)
  3 mummies
  22 adders
  11 gnolls
  7 river rats (Lair:2)
  5 shadow imps
  12 white imps (Lair:4)
  An adder skeleton (D:6)
  An adder zombie (Crypt:2)
  5 worms
  A dart slug (D:5)
  6 leopard geckos
  88 orcs
  6 ball pythons
  A bat (D:2)
  A bat skeleton (Crypt:1)
  3 giant cockroaches
  6 hobgoblins
  16 jackals
  9 quokkas
  A frilled lizard (D:1)
  A gnoll skeleton (Crypt:1)
  4 goblins
  A jackal skeleton (D:5)
  11 kobolds
  An orc zombie (Crypt:3)
  A quokka skeleton (D:5)
  9 rats
  2 crawling corpses (Vaults:5)
  5 pillars of salt (Vaults:3)
  3 plants
  2 starspawn tentacles (Abyss:4)
  A tentacle (Abyss:4)
  3 withered plants (Crypt:3)
2560 creatures vanquished.

Vanquished Creatures (collateral kills)
  An orb of fire (Zot:5)
  the Lernaean hydra (Swamp:4)
  A golden dragon (Vaults:5)
  Jory (Crypt:1)
  An electric golem (Zot:5)
  5 tentacled monstrosities
  A lich (Vaults:5)
  A titan (Vaults:5)
  5 Orb Guardians (Zot:5)
  A quicksilver dragon (Zot:4)
  An eldritch tentacle (Zot:4)
  A shadow dragon (Vaults:5)
  2 death cobs
  A thorn hunter (Swamp:4)
  2 storm dragons
  A draconian monk (Zot:4)
  2 draconian knights
  A vault warden (Vaults:5)
  A draconian scorcher (Zot:4)
  3 draconian stormcallers
  2 draconian shifters
  An ironheart preserver (Vaults:5)
  6 green draconians
  3 draconian annihilators
  A stone giant (Vaults:5)
  A very ugly thing (Vaults:5)
  5 purple draconians
  A black draconian (Zot:4)
  6 white draconians
  5 red draconians
  4 yellow draconians
  An ettin (Vaults:5)
  A deep elf death mage (Crypt:2)
  An ice dragon (Zot:4)
  A deep elf high priest (Vaults:5)
  2 hydras (Swamp:4)
  A ghost crab (Abyss:4)
  6 vault guards (Vaults:5)
  A shambling mangrove (Abyss:4)
  A salamander mystic (Snake:4)
  A deep troll (Vaults:5)
  4 swamp dragons
  An ironbrand convoker (Vaults:5)
  A deep elf mage (Vaults:5)
  A stone giant zombie (Crypt:2)
  6 moths of wrath
  A salamander (Snake:3)
  2 naga magi (Snake:4)
  A vault sentinel (Vaults:5)
  2 apocalypse crabs (Abyss:4)
  6 nagas (Snake:4)
  A swamp worm (Swamp:4)
  A warg skeleton (Crypt:1)
  A briar patch (Swamp:4)
  2 tentacles (Abyss:4)
114 creatures vanquished.

Vanquished Creatures (others)
  32 eldritch tentacles
  A vault warden (Vaults:5)
  A very ugly thing (Vaults:5)
  2 stone giants
  A green draconian (Zot:4)
  A deep elf death mage (Elf:3)
  3 yaktaur captains
  A centaur warrior (Depths:2)
  A tengu warrior (Depths:2)
  3 deep elf archers
  14 yaktaurs
  2 hornets
  A swamp worm (Swamp:4)
  An orc warrior (Vaults:3)
  A swamp drake (Swamp:4)
  An ufetubus (Abyss:4)
  3 briar patches (Swamp:4)
  A demonic plant (Gauntlet)
  9 fungi
  9 pillars of salt (Vaults:3)
  9 plants
  4 starspawn tentacles (Abyss:4)
  A tentacle (Abyss:4)
  2 withered plants (Crypt:3)
104 creatures vanquished.

Grand Total: 2778 creatures vanquished

Notes
Turn   | Place    | Note
-------+----------+-------------------------------------------
     0 | D:1      | woke the Troll Wizard began the quest for the Orb.
     0 | D:1      | Reached XP level 1. HP: 16/16 MP: 2/2
   100 | D:1      | Reached skill level 1 in Unarmed Combat
   201 | D:1      | Reached XP level 2. HP: 22/24 MP: 4/4
   224 | D:1      | Reached skill level 2 in Unarmed Combat
   255 | D:1      | Learned a level 2 spell: Blink
   757 | D:2      | Reached XP level 3. HP: 20/31 MP: 5/5
  1065 | D:2      | Reached skill level 1 in Translocations
  1825 | D:3      | Reached XP level 4. HP: 39/39 MP: 6/6
  1835 | D:3      | Reached skill level 3 in Unarmed Combat
  2079 | D:3      | Reached XP level 5. HP: 39/45 MP: 7/7
  2274 | D:3      | Found a runed translucent gate.
  2276 | D:3      | Noticed cjay27's ghost (amateur DsAK)
  2279 | D:3      | Found a runed translucent gate.
  2279 | D:3      | Found a runed translucent gate.
  2280 | D:3      | Identified the +8 whip of Tender Mercy {elec, *Rage Str+3
                  | Dex+3}
  2435 | D:3      | Found a deep blue altar of Sif Muna.
  2435 | D:3      | Found a bloodstained altar of Trog.
  2621 | D:3      | Reached skill level 4 in Unarmed Combat
  2780 | D:4      | Noticed a centaur
  2789 | D:4      | Killed a centaur
  2789 | D:4      | Reached XP level 6. HP: 34/53 MP: 8/8
  2976 | D:4      | Reached skill level 5 in Unarmed Combat
  3426 | D:5      | Entered Level 5 of the Dungeon
  3495 | D:5      | Reached XP level 7. HP: 53/59 MP: 8/10
  3637 | D:5      | Reached skill level 6 in Unarmed Combat
  3727 | D:5      | Found a runed translucent door.
  4044 | D:5      | Reached skill level 1 in Armour
  4136 | D:5      | Found a runed translucent door.
  4136 | D:5      | Noticed konso's ghost (amateur DDEE)
  4232 | D:5      | Reached skill level 7 in Unarmed Combat
  4465 | D:5      | Reached skill level 1 in Fighting
  4465 | D:5      | Reached XP level 8. HP: 64/70 MP: 11/11
  4485 | D:5      | Killed konso's ghost
  4634 | D:6      | Learned a level 3 spell: Conjure Flame
  4827 | D:6      | Found a runed translucent door.
  4827 | D:6      | Noticed Sharpo's ghost (novice GrFi)
  4942 | D:6      | Found a staircase to the Ecumenical Temple.
  4962 | Temple   | Entered the Ecumenical Temple
  5075 | Temple   | Became a worshipper of Cheibriados the Contemplative
  5134 | D:6      | Found a radiant altar of Vehumet.
  5368 | D:6      | Reached skill level 8 in Unarmed Combat
  5407 | D:6      | Found an ornate altar of the Wu Jian Council.
  5408 | D:6      | Found a basalt altar of Yredelemnul.
  5408 | D:6      | Found a shimmering altar of Xom.
  5413 | D:6      | Found a glowing silver altar of Zin.
  5564 | D:6      | Reached XP level 9. HP: 18/76 MP: 13/13
  5682 | D:6      | Reached skill level 1 in Invocations
  6076 | D:7      | Reached * piety under Cheibriados
  6182 | D:7      | Found a runed translucent door.
  6183 | D:7      | Noticed Crazy Yiuf
  6488 | D:7      | Killed Crazy Yiuf
  6553 | D:8      | Noticed Erica
  6588 | D:8      | Killed Erica
  6588 | D:8      | Reached skill level 5 in Armour
  6588 | D:8      | Reached skill level 9 in Unarmed Combat
  6773 | D:8      | Reached XP level 10. HP: 87/87 MP: 14/14
  6953 | D:8      | Got an ominously black robe
  6964 | D:8      | Identified the +5 robe of Grace {rPois rF+} (You found it
                  | on level 8 of the Dungeon)
  7026 | D:8      | Reached skill level 10 in Unarmed Combat
  7028 | D:8      | Reached ** piety under Cheibriados
  7381 | D:8      | Found a staircase to the Lair.
  7554 | D:9      | Noticed a two-headed ogre
  7583 | D:9      | Reached skill level 1 in Conjurations
  7636 | D:9      | Killed a two-headed ogre
  7636 | D:9      | Reached skill level 1 in Fire Magic
  7637 | D:9      | Reached *** piety under Cheibriados
  7869 | D:9      | Noticed Erolcha
  7885 | D:9      | Killed Erolcha
  7885 | D:9      | Reached skill level 11 in Unarmed Combat
  7885 | D:9      | Reached XP level 11. HP: 51/92 MP: 16/16
  8150 | D:9      | Found a deep blue altar of Sif Muna.
  8342 | D:9      | Reached **** piety under Cheibriados
  8399 | D:10     | Entered Level 10 of the Dungeon
  8403 | D:10     | Noticed Grum
  8419 | D:10     | Killed Grum
  8945 | D:10     | Found a staircase to the Orcish Mines.
  8999 | D:11     | Noticed Psyche
  9001 | D:11     | Killed Psyche
  9096 | D:11     | Reached ***** piety under Cheibriados
  9277 | D:11     | Noticed a two-headed ogre
  9283 | D:11     | Killed a two-headed ogre
  9283 | D:11     | Reached skill level 5 in Spellcasting
  9388 | D:11     | Found Eli Akeo's Antique Armour Shoppe.
  9408 | D:11     | Bought a runed cloak for 240 gold pieces
  9545 | D:12     | Reached skill level 12 in Unarmed Combat
  9657 | D:12     | Found a gate leading to a gauntlet.
  9672 | D:12     | Got a scorched hand axe
  9678 | Gauntlet | Entered a Gauntlet
  9678 | Gauntlet | Found a transporter.
  9678 | Gauntlet | Found a transporter.
  9678 | Gauntlet | Noticed a tengu warrior
  9679 | Gauntlet | Identified the +5 hand axe "Rehawk" {vamp, -Tele rN+ Str+3}
                  | (You found it on level 12 of the Dungeon)
  9694 | Gauntlet | Found a transporter.
  9697 | Gauntlet | Found a transporter.
  9703 | Gauntlet | Noticed a soul eater
  9705 | Gauntlet | Found a transporter.
  9709 | Gauntlet | Found a transporter.
  9714 | Gauntlet | Noticed a balrug
  9717 | Gauntlet | Found a transporter.
  9734 | Gauntlet | Found a transporter.
  9736 | Gauntlet | Noticed a cyan ugly thing
  9738 | Gauntlet | Noticed a green ugly thing
  9738 | Gauntlet | Noticed a glowing orange brain
  9739 | Gauntlet | Noticed a glowing orange brain
  9748 | Gauntlet | Found a transporter.
  9752 | Gauntlet | Found a transporter.
  9760 | Gauntlet | Found a transporter.
  9764 | Gauntlet | Found a transporter.
  9834 | Gauntlet | Reached XP level 12. HP: 84/104 MP: 18/18
  9845 | Gauntlet | Got a brightly glowing tin ring
  9846 | Gauntlet | Identified the ring of Fuylaop {Ice SInv} (You found it in
                  | a Gauntlet)
  9865 | Gauntlet | Got a transparent glass ring
  9882 | Gauntlet | Identified the ring "Kitonoutou" {rPois Str+5 Int+2 Dex-3
                  | SInv} (You found it in a Gauntlet)
  9905 | Gauntlet | Noticed a tengu warrior
  9907 | Gauntlet | Reached skill level 5 in Invocations
  9966 | Gauntlet | Identified the +5 bardiche of Lumn {drain, rF+ MR+ Str+5}
  9966 | Gauntlet | Noticed a minotaur
  9975 | Gauntlet | Killed a minotaur
  9994 | Gauntlet | Identified Sif Muna's Incunabulum of Bewitching Arcane
                  | Weapons
 10043 | Gauntlet | Learned a level 2 spell: Song of Slaying
 10045 | Gauntlet | Learned a level 1 spell: Confusing Touch
 10346 | D:12     | Reached ****** piety under Cheibriados
 10662 | D:13     | Reached skill level 13 in Unarmed Combat
 10880 | D:13     | Noticed a tengu warrior
 10895 | D:13     | Killed a tengu warrior
 11251 | D:13     | Reached skill level 14 in Unarmed Combat
 11291 | D:13     | Reached XP level 13. HP: 81/116 MP: 19/19
 11299 | D:13     | Reached skill level 5 in Fighting
 11550 | D:13     | Found a gate to the Vaults.
 11796 | D:13     | Learned a level 3 spell: Regeneration
 11827 | D:14     | Noticed a fire dragon
 12420 | D:14     | Killed a fire dragon
 12799 | D:14     | Found Hoirch's Book Shop.
 12850 | D:14     | Reached skill level 15 in Unarmed Combat
 13113 | D:15     | Entered Level 15 of the Dungeon
 13472 | D:15     | Noticed a fire dragon
 14599 | D:15     | Killed a fire dragon
 14599 | D:15     | Reached XP level 14. HP: 109/129 MP: 20/20
 14655 | D:15     | Noticed a frost giant
 14668 | D:15     | Killed a frost giant
 14820 | D:15     | Found a staircase to the Depths.
 15178 | Lair:1   | Entered Level 1 of the Lair of Beasts
 15293 | Lair:1   | Got a steaming robe
 15368 | Lair:1   | Reached skill level 5 in Dodging
 15754 | Lair:1   | Reached skill level 16 in Unarmed Combat
 17103 | Lair:3   | Reached skill level 1 in Necromancy
 17133 | Lair:3   | Reached skill level 1 in Charms
 17322 | Lair:3   | Found a staircase to the Snake Pit.
 17836 | Lair:3   | Noticed Nergalle
 17845 | Lair:3   | Killed Nergalle
 18313 | Lair:3   | Found a staircase to the Swamp.
 18397 | Lair:4   | Found a frozen archway.
 18438 | IceCv    | Entered an ice cave
 18935 | IceCv    | Noticed a frost giant
 18946 | IceCv    | Killed a frost giant
 18964 | IceCv    | Reached XP level 15. HP: 109/140 MP: 21/21
 18982 | IceCv    | Got a shimmering silver ring
 18990 | IceCv    | Identified the ring "Suypturr" {+Inv +Fly rElec rC+} (You
                  | found it in an ice cave)
 19599 | Lair:4   | You fall through a shaft for 2 floors!
 19599 | Lair:6   | Entered Level 6 of the Lair of Beasts
 20501 | Lair:5   | Identified the +1 robe of the Voivode {Str+4 Int-3 Dex+4
                  | SInv} (You found it on level 1 of the Lair of Beasts)
 21153 | Lair:6   | Reached skill level 1 in Evocations
 21416 | Lair:6   | Reached skill level 17 in Unarmed Combat
 21454 | Lair:6   | Found a staircase to the Slime Pits.
 22624 | Orc:1    | Entered Level 1 of the Orcish Mines
 22821 | Orc:2    | Entered Level 2 of the Orcish Mines
 23229 | Orc:2    | Found a staircase to the Elven Halls.
 23952 | Orc:2    | Found Xuhetu's Book Shop.
 23952 | Orc:2    | Found Ciemmeipso's Distillery.
 23952 | Orc:2    | Found Judose's Antique Armour Emporium.
 23952 | Orc:2    | Found Witen's Gadget Shop.
 23963 | Orc:2    | Bought a warped shield for 294 gold pieces
 23968 | Orc:2    | Identified the +1 shield of Agnosticism {rN+ Int+3 Stlth-}
                  | (You bought it in a shop on level 2 of the Orcish Mines)
 24247 | D:11     | Bought heavily runed fire dragon scales for 2080 gold
                  | pieces
 24247 | D:11     | Identified the +8 fire dragon scales of the Hidden Vale
                  | {-Tele rElec rF++ rC- MP+9 Dex+6} (You bought it in a shop
                  | on level 11 of the Dungeon)
 24382 | Elf:1    | Entered Level 1 of the Elven Halls
 24398 | Elf:1    | Reached skill level 1 in Shields
 24411 | Elf:1    | Reached XP level 16. HP: 134/152 MP: 22/22
 24587 | Elf:1    | Found Kuuhav's Assorted Antiques.
 24787 | Elf:1    | Identified a scroll of acquirement
 24936 | Elf:1    | Identified the Papyrus of Summoning
 25542 | Elf:2    | Found Qybe's Book Shoppe.
 25543 | Elf:2    | Found Fithamni's Distillery.
 25543 | Elf:2    | Found Dajeu's General Store.
 25552 | Elf:2    | Found Myukosho's Distillery.
 25662 | Elf:2    | Reached skill level 5 in Shields
 25725 | Elf:2    | Found a runed translucent gate.
 25725 | Elf:2    | Found a runed translucent gate.
 25726 | Elf:2    | Found a runed translucent gate.
 25999 | Elf:2    | Reached skill level 1 in Hexes
 26163 | Elf:3    | Entered Level 3 of the Elven Halls
 27410 | Elf:3    | Noticed a Brimstone Fiend
 27424 | Elf:3    | Noticed a Brimstone Fiend
 27564 | Elf:3    | Identified the +10 plate armour of the Big Bang {rN+ Str+3
                  | Dex-3}
 27564 | Elf:3    | Noticed a deep elf master archer
 27564 | Elf:3    | Identified the +12 broad axe "Ubem" {chop, +Inv rElec Int-5
                  | Stlth-}
 27564 | Elf:3    | Identified the +6 shortbow of Fate {speed, *Corrode *Slow
                  | MP+9 Stlth+}
 27575 | Elf:3    | Killed a deep elf master archer
 27842 | Elf:3    | Noticed a deep elf blademaster
 27855 | Elf:3    | Killed a deep elf blademaster
 27895 | Elf:3    | Reached skill level 18 in Unarmed Combat
 27895 | Elf:3    | Reached XP level 17. HP: 161/161 MP: 23/23
 27898 | Elf:3    | Noticed a deep elf blademaster
 27912 | Elf:3    | Killed a deep elf blademaster
 27962 | Elf:3    | Noticed a deep elf master archer
 27968 | Elf:3    | Killed a deep elf master archer
 28701 | Elf:3    | Found the +8 longbow "Zephyr" {speed, Dex+3 SInv}
 28703 | Elf:3    | Identified the Grimoire of the Entourage
 28718 | Elf:3    | Found the +7 sceptre of Torment {pain, torment}
 29127 | Swamp:1  | Entered Level 1 of the Swamp
 29455 | Orc:2    | Bought a manual of Spellcasting for 1545 gold pieces
 29520 | D:10     | Noticed Maurice
 29525 | D:10     | Killed Maurice
 29812 | Swamp:1  | Noticed Kirke
 29833 | Swamp:1  | Killed Kirke
 29833 | Swamp:1  | Reached skill level 1 in Long Blades
 30885 | Swamp:1  | Reached skill level 19 in Unarmed Combat
 31749 | Swamp:2  | Gained mutation: You have sharp toenails. [potion of
                  | mutation]
 31749 | Swamp:2  | Gained mutation: You are weak. (Str -2) [potion of
                  | mutation]
 31749 | Swamp:2  | Gained mutation: Your system is resistant to poisons.
                  | (rPois) [potion of mutation]
 31749 | Swamp:2  | Gained mutation: You are robust. (+10% HP) [potion of
                  | mutation]
 32847 | Swamp:4  | Entered Level 4 of the Swamp
 32972 | Swamp:3  | Reached XP level 18. HP: 128/191 MP: 23/26
 33245 | Swamp:4  | Noticed Bai Suzhen
 33256 | Swamp:4  | Killed Bai Suzhen
 34144 | Swamp:4  | Reached skill level 10 in Fighting
 34467 | Swamp:4  | Noticed the 27-headed Lernaean hydra
 35057 | Depths:1 | Entered Level 1 of the Depths
 35395 | Depths:1 | Reached skill level 20 in Unarmed Combat
 36532 | Depths:1 | Found a gateway to Hell.
 37302 | Depths:2 | Reached skill level 10 in Invocations
 37510 | D:14     | Bought a book of Spatial Translocations for 1040 gold
                  | pieces
 37515 | D:14     | Learned a level 4 spell: Passage of Golubria
 37521 | D:14     | Learned a level 5 spell: Borgnjor's Vile Clutch
 37815 | Snake:1  | Entered Level 1 of the Snake Pit
 38089 | Snake:1  | Reached XP level 19. HP: 192/205 MP: 31/31
 38212 | Snake:1  | Found a transporter.
 38250 | Snake:1  | Noticed Elinuc's ghost (adept DEWz)
 38253 | Snake:1  | Identified the +5 great sword "Rizil" {holy, Str+4 Dex-4}
 38254 | Snake:1  | Found a bloodstained altar of Trog.
 38259 | Snake:1  | Found a transporter.
 38296 | Snake:1  | Identified the cursed +1 flail "Nupuomo" {speed, Dex+3}
 38535 | Snake:2  | Reached skill level 1 in Earth Magic
 38567 | Snake:2  | Noticed Agnes
 38578 | Snake:2  | Killed Agnes
 38890 | Snake:2  | Noticed OwlQaeda's ghost (journeyman DsFE)
 38893 | Snake:2  | Found a transporter.
 38897 | Snake:2  | Found a transporter.
 39031 | Snake:2  | Noticed Aizul
 39042 | Snake:2  | Killed Aizul
 39843 | Snake:3  | Reached skill level 10 in Spellcasting
 40201 | Snake:3  | Found a transporter.
 40217 | Snake:3  | Found a deep blue altar of Sif Muna.
 40405 | Snake:3  | Found the +3 hat of Pondering {ponderous, MR+ MP+10 Int+5}
 40660 | Snake:3  | Reached skill level 5 in Evocations
 40827 | Snake:3  | Found a transporter.
 40939 | Snake:4  | Entered Level 4 of the Snake Pit
 41387 | Snake:3  | Learned a level 6 spell: Statue Form
 41664 | Snake:4  | Reached skill level 1 in Transmutations
 41817 | Snake:4  | Noticed Roxanne
 42588 | Snake:4  | Reached skill level 5 in Necromancy
 42965 | Snake:4  | Reached XP level 20. HP: 195/220 MP: 33/33
 43251 | Snake:4  | Reached skill level 5 in Earth Magic
 43286 | Snake:4  | Got a serpentine rune of Zot
 43699 | Vaults:1 | Entered Level 1 of the Vaults
 44547 | Vaults:1 | Found Naizetir's Magic Scroll Emporium.
 44879 | Vaults:1 | Learned a level 1 spell: Apportation
 45357 | Vaults:2 | Reached skill level 1 in Throwing
 46898 | Vaults:3 | Reached XP level 21. HP: 234/234 MP: 34/34
 46937 | Vaults:3 | Reached skill level 5 in Throwing
 47062 | Vaults:3 | Found a ruined gateway.
 47109 | Desolati | Entered the Desolation of Salt
 47192 | Desolati | Reached skill level 5 in Transmutations
 47329 | Desolati | Identified the Disquisition on the Frostbite and the
                  | Arsonist
 47509 | Desolati | Identified the Handbook of Glacial Envenoming
 47521 | Desolati | Identified the Reference Book on Earthen Poison
 47833 | Desolati | Got a smoking diamond amulet
 47834 | Desolati | Identified the amulet of Idanyef {Gourm rC++} (You found it
                  | in the Desolation of Salt)
 47850 | Desolati | Got a fine pewter ring
 47851 | Desolati | Identified the ring "Fezxoh" {*Corrode MP+9 Str+6} (You
                  | found it in the Desolation of Salt)
 48347 | Vaults:3 | Reached skill level 10 in Earth Magic
 48616 | Vaults:3 | Found a staircase to the Crypt.
 49168 | Vaults:3 | Learned a level 5 spell: Irradiate
 49330 | Vaults:4 | Reached XP level 22. HP: 248/248 MP: 35/35
 49510 | Vaults:4 | Reached skill level 15 in Fighting
 50841 | Depths:2 | Found Wurick's Distillery.
 51096 | Depths:2 | Found a sparkling altar of Nemelex Xobeh.
 51237 | Depths:2 | Found Xist's General Store.
 51285 | Depths:2 | Reached skill level 5 in Conjurations
 51360 | Depths:2 | Noticed a juggernaut
 51368 | Depths:2 | Killed a juggernaut
 51370 | Depths:2 | Identified the ring of Jipaat {rPois rN+ MR++ Int+4 Dex-2}
 51674 | Depths:1 | Learned a level 4 spell: Summon Lightning Spire
 51777 | Depths:2 | Reached XP level 23. HP: 260/260 MP: 36/36
 51788 | Depths:2 | Reached skill level 1 in Summonings
 51962 | Depths:2 | Noticed a caustic shrike
 51967 | Depths:2 | Noticed a caustic shrike
 51967 | Depths:2 | a fire giant changed into a caustic shrike
 51968 | Depths:2 | a caustic shrike changed into an acid blob
 52524 | Orc:2    | Bought a runed cloak for 232 gold pieces
 52620 | Elf:1    | Bought a glowing cloak for 240 gold pieces
 53132 | Depths:3 | Found a one-way gate to the infinite horrors of the Abyss.
 53162 | Depths:3 | Identified the +5 mace of Wariness {pain, Dex+3}
 53241 | Depths:3 | Reached skill level 5 in Summonings
 53246 | Depths:3 | Found a one-way gate leading to the halls of Pandemonium.
 54063 | Depths:4 | Noticed Boris
 54068 | Depths:4 | Killed Boris
 54293 | Depths:4 | Noticed a caustic shrike
 54299 | Depths:4 | Killed a caustic shrike
 54325 | Depths:4 | Noticed a caustic shrike
 54326 | Depths:4 | Noticed an ancient lich
 54331 | Depths:4 | Killed a caustic shrike
 54343 | Depths:4 | Killed an ancient lich
 54711 | Depths:5 | Entered Level 5 of the Depths
 54735 | Depths:5 | Reached XP level 24. HP: 272/272 MP: 36/36
 54859 | Depths:5 | Found a gateway to a ziggurat.
 54950 | Depths:5 | Reached skill level 10 in Transmutations
 54964 | Depths:5 | Found a gate to the Realm of Zot.
 55441 | Depths:5 | Learned a level 7 spell: Malign Gateway
 56464 | Crypt:1  | Entered Level 1 of the Crypt
 56532 | Crypt:1  | Noticed Jory
 56539 | Crypt:1  | Killed Jory
 57931 | Crypt:2  | Reached skill level 5 in Translocations
 57954 | Crypt:2  | Reached skill level 10 in Summonings
 58026 | Crypt:2  | Reached skill level 10 in Armour
 58611 | Crypt:3  | Entered Level 3 of the Crypt
 59101 | Crypt:3  | Found a staircase to the Tomb.
 59200 | Crypt:3  | Found a basalt altar of Yredelemnul.
 59213 | Crypt:3  | Reached XP level 25. HP: 281/281 MP: 37/37
 59622 | Crypt:3  | Identified the Compendium of Black Secrets
 59624 | Crypt:3  | Identified the Almanac of Mutagenic Snow
 60007 | Crypt:3  | Found the +8 storm bow {elec}
 60210 | Crypt:3  | Got a scintillating steel ring
 60210 | Crypt:3  | Got a coiled lapis lazuli ring
 60210 | Crypt:3  | Got a wavering brass ring
 60213 | Crypt:3  | Identified the ring "Qephyfud" {rN+ Str+4} (You found it on
                  | level 3 of the Crypt)
 60214 | Crypt:3  | Identified the ring of Batuonn {rF+++ rN+ Dex-4 SInv
                  | Stlth+} (You found it on level 3 of the Crypt)
 60215 | Crypt:3  | Identified the ring of the Tuna {rN+ MP+9 Stlth+} (You
                  | found it on level 3 of the Crypt)
 60224 | Crypt:2  | Reached XP level 26. HP: 291/291 MP: 37/37
 60474 | Vaults:5 | Entered Level 5 of the Vaults
 60512 | Vaults:5 | Noticed Boris
 60536 | Vaults:4 | Learned a level 6 spell: Death Channel
 60765 | Vaults:1 | Bought a scroll of immolation for 49 gold pieces
 61823 | Snake:4  | Noticed Vashnia
 61844 | Snake:4  | Killed Vashnia
 62467 | Snake:4  | Killed Roxanne
 64087 | Vaults:5 | Cast into level 4 of the Abyss (tengu reaver)
 64317 | Abyss:4  | Got an abyssal rune of Zot
 64327 | Vaults:5 | Escaped the Abyss
 64450 | Vaults:5 | Reached skill level 10 in Translocations
 64459 | Vaults:5 | Reached XP level 27. HP: 301/301 MP: 37/37
 64460 | Vaults:5 | Killed Boris
 64896 | Vaults:5 | Found Bablifen's General Store.
 64899 | Vaults:5 | Found Pimuzxip's Distillery.
 64909 | Vaults:5 | Bought a potion of heal wounds for 115 gold pieces
 64909 | Vaults:5 | Bought a potion of magic for 184 gold pieces
 64909 | Vaults:5 | Bought a potion of heal wounds for 115 gold pieces
 64988 | Vaults:5 | Found Muameuvy's Armour Shop.
 64998 | Vaults:5 | Got a silver rune of Zot
 65120 | Vaults:5 | Found Xirphaops's Gadget Boutique.
 65133 | Vaults:5 | Reached skill level 10 in Dodging
 65172 | Vaults:5 | Found Kuorch's Gadget Shoppe.
 65176 | Vaults:5 | Bought a wand of digging (2) for 240 gold pieces
 65176 | Vaults:5 | Bought a phantom mirror for 600 gold pieces
 65318 | Vaults:5 | Found Foj Joes's Magic Scroll Emporium.
 65322 | Vaults:5 | Bought a scroll of blinking for 127 gold pieces
 65355 | Vaults:5 | Found Oleodes's Magic Scroll Shoppe.
 65359 | Vaults:5 | Bought a scroll of acquirement for 728 gold pieces
 65359 | Vaults:5 | Bought a scroll of acquirement for 728 gold pieces
 65366 | Vaults:5 | Found Hoblulla's Distillery.
 65375 | Vaults:5 | Bought a potion of heal wounds for 90 gold pieces
 65375 | Vaults:5 | Bought a potion of might for 72 gold pieces
 65376 | Vaults:5 | Found Syjap's Distillery.
 65383 | Vaults:5 | Bought a potion of heal wounds for 100 gold pieces
 65383 | Vaults:5 | Bought a potion of heal wounds for 100 gold pieces
 65404 | Vaults:5 | Found Wateff's Distillery.
 65417 | Vaults:5 | Bought a potion of resistance for 200 gold pieces
 65425 | Vaults:5 | Found Vomne's Distillery.
 65448 | Vaults:5 | Found Pisuik's Distillery.
 65452 | Vaults:5 | Bought a potion of heal wounds for 70 gold pieces
 65452 | Vaults:5 | Bought a potion of heal wounds for 70 gold pieces
 65456 | Vaults:5 | Found Wesazolu's Distillery.
 65464 | Vaults:5 | Bought 2 potions of brilliance for 160 gold pieces
 65581 | Vaults:5 | Bought 2 potions of heal wounds for 140 gold pieces
 65581 | Vaults:5 | Bought a potion of heal wounds for 70 gold pieces
 65581 | Vaults:5 | Bought a potion of resistance for 140 gold pieces
 65585 | Vaults:5 | Found the +3 robe of Folly {Archmagi, MR-- Int+5}
 66108 | Swamp:4  | Killed the 27-headed Lernaean hydra
 66180 | Swamp:4  | Got a decaying rune of Zot
 67576 | Zot:1    | Entered Level 1 of the Realm of Zot
 67605 | Zot:1    | Found a transporter.
 67612 | Zot:1    | Noticed Hycrow's ghost (master MiBe)
 68051 | Zot:1    | Found a transporter.
 68071 | Zot:1    | Reached skill level 21 in Unarmed Combat
 70352 | Zot:4    | Got an encrusted large shield
 70363 | Zot:4    | Identified the +6 large shield of Sif Muna's Scorn {rN+
                  | Str+4 Int-5} (You acquired it on level 4 of the Realm of
                  | Zot)
 70387 | Zot:4    | Noticed an orb of fire
 70392 | Zot:4    | Killed an orb of fire
 70398 | Zot:4    | Reached skill level 22 in Unarmed Combat
 70866 | Zot:4    | Reached skill level 23 in Unarmed Combat
 70917 | Zot:4    | Found the amulet of Vitality {Regen+ HP+15}
 71443 | Zot:5    | Entered Level 5 of the Realm of Zot
 71928 | Zot:5    | Noticed an ancient lich
 72025 | Zot:5    | Killed an ancient lich
 72078 | Zot:5    | Noticed an orb of fire
 72079 | Zot:5    | Noticed an orb of fire
 72081 | Zot:5    | Gained mutation: You are dopey. (Int -2) [an orb of fire]
 72087 | Zot:5    | Killed an orb of fire
 72088 | Zot:5    | Killed an orb of fire
 72113 | Zot:5    | Noticed an ancient lich
 72126 | Zot:5    | Killed an ancient lich
 72129 | Zot:5    | Noticed an orb of fire
 72133 | Zot:5    | Gained mutation: You occasionally shout uncontrollably at
                  | your foes. [an orb of fire]
 72136 | Zot:5    | Killed an orb of fire
 72164 | Zot:5    | Noticed an orb of fire
 72169 | Zot:5    | Gained mutation: Scrolls take you a little longer to read.
                  | [an orb of fire]
 72172 | Zot:5    | Killed an orb of fire
 72173 | Zot:5    | Lost mutation: You are dopey. (Int -2) [potion of mutation]
 72173 | Zot:5    | Lost mutation: You are robust. (+10% HP) [potion of
                  | mutation]
 72173 | Zot:5    | Lost mutation: Scrolls take you a little longer to read.
                  | [potion of mutation]
 72173 | Zot:5    | Gained mutation: You are clumsy. (Dex -2) [potion of
                  | mutation]
 72173 | Zot:5    | Gained mutation: Your spells are a little harder to cast,
                  | but a little more powerful. [potion of mutation]
 72173 | Zot:5    | Gained mutation: Your body sometimes deteriorates upon
                  | taking damage. [potion of mutation]
 72173 | Zot:5    | Gained mutation: You evolve. [potion of mutation]
 72183 | Zot:5    | Noticed an orb of fire
 72184 | Zot:5    | Gained mutation: You are frail. (-10% HP) [an orb of fire]
 72190 | Zot:5    | Killed an orb of fire
 72191 | Zot:5    | Lost mutation: Your body sometimes deteriorates upon taking
                  | damage. [potion of mutation]
 72191 | Zot:5    | Lost mutation: Your spells are a little harder to cast, but
                  | a little more powerful. [potion of mutation]
 72191 | Zot:5    | Gained mutation: Your magical capacity is low. (-10% MP)
                  | [potion of mutation]
 72191 | Zot:5    | Gained mutation: Your movements are slightly less
                  | encumbered by armour. (ER -2) [potion of mutation]
 72192 | Zot:5    | Lost mutation: You are clumsy. (Dex -2) [potion of
                  | mutation]
 72192 | Zot:5    | Lost mutation: You are weak. (Str -2) [potion of mutation]
 72192 | Zot:5    | Lost mutation: You occasionally shout uncontrollably at
                  | your foes. [potion of mutation]
 72192 | Zot:5    | Lost mutation: Your magical capacity is low. (-10% MP)
                  | [potion of mutation]
 72192 | Zot:5    | Gained mutation: You are dopey. (Int -2) [potion of
                  | mutation]
 72192 | Zot:5    | Gained mutation: You expend magic power (3 MP) to
                  | strengthen your wands. [potion of mutation]
 72261 | Zot:5    | Noticed an orb of fire
 72268 | Zot:5    | Gained mutation: Your body sometimes deteriorates upon
                  | taking damage. [an orb of fire]
 72269 | Zot:5    | Killed an orb of fire
 72303 | Zot:5    | Noticed an ancient lich
 72304 | Zot:5    | Noticed an orb of fire
 72307 | Zot:5    | Gained mutation: Your magical capacity is low. (-10% MP)
                  | [an orb of fire]
 72307 | Zot:5    | Gained mutation: You are very frail. (-20% HP) [an orb of
                  | fire]
 72312 | Zot:5    | Gained mutation: You are occasionally teleported next to
                  | monsters. [an orb of fire]
 72315 | Zot:5    | Killed an orb of fire
 72316 | Zot:5    | Lost mutation: Your body sometimes deteriorates upon taking
                  | damage. [potion of mutation]
 72316 | Zot:5    | Lost mutation: Your magical capacity is low. (-10% MP)
                  | [potion of mutation]
 72316 | Zot:5    | Gained mutation: You have an increased reservoir of magic.
                  | (+10% MP) [potion of mutation]
 72317 | Zot:5    | Lost mutation: You have sharp toenails. [potion of
                  | mutation]
 72317 | Zot:5    | Lost mutation: You are very frail. (-20% HP) [potion of
                  | mutation]
 72317 | Zot:5    | Lost mutation: You are dopey. (Int -2) [potion of mutation]
 72317 | Zot:5    | Lost mutation: You expend magic power (3 MP) to strengthen
                  | your wands. [potion of mutation]
 72317 | Zot:5    | Gained mutation: You have large cloven feet. [potion of
                  | mutation]
 72317 | Zot:5    | Gained mutation: You heal very quickly. [potion of
                  | mutation]
 72317 | Zot:5    | Gained mutation: You passively map a small area around you.
                  | [potion of mutation]
 72340 | Zot:5    | Noticed an orb of fire
 72352 | Zot:5    | Killed an orb of fire
 72373 | Zot:5    | Noticed an orb of fire
 72378 | Zot:5    | Killed an orb of fire
 72391 | Zot:5    | Noticed an orb of fire
 72399 | Zot:5    | Killed an orb of fire
 72434 | Zot:5    | Lost mutation: You are frail. (-10% HP) [evolution]
 72484 | Zot:5    | Killed an ancient lich
 72666 | Zot:5    | Got the Orb of Zot
 72675 | Zot:5    | Noticed a seraph
 72684 | Zot:5    | Noticed a seraph
 72692 | Zot:5    | HP: 6/386 [daeva/divine providence[a seraph] (16)]
 72692 | Zot:5    | Killed from afar by a daeva

Skill      XL: |  1  2  3  4  5  6  7  8  9 10 11 12 13 14 15 16 17 18 19 20 21 22 23 24 25 26 27 |
---------------+----------------------------------------------------------------------------------+-----
Unarmed Combat | 1 2 3 4 5 7 8 9 11 12 14 15 16 17 18 19 20 23 | 23.3
Translocations | 1 2 3 4 6 8 10 | 10.2
Armour         | 1 3 5 6 7 8 11 | 11.5
Fighting       | 1 2 3 4 6 7 8 9 11 12 13 14 15 16 21 | 21.6
Spellcasting   | 3 4 5 6 9 10 11 | 11.2
Invocations    | 2 3 4 6 7 8 9 10 11 | 11.1
Conjurations   | 1 2 3 6 |  6.2
Fire Magic     | 1 2 |  2.7
Dodging        | 3 4 5 6 8 10 | 10.3
Necromancy     | 2 3 5 6 8 9 |  9.7
Charms         | 2 3 |  3.0
Evocations     | 2 3 4 5 |  5.0
Shields        | 1 9 |  9.1
Hexes          | 2 |  2.2
Long Blades    | 3 |  3.0
Earth Magic    | 4 7 10 | 10.1
Transmutations | 2 4 6 8 9 10 | 10.1
Throwing       | 4 6 |  6.1
Summonings     | 9 10 11 12 | 12.0
Stealth        | |  1.0

Action                   |  1- 3 |  4- 6 |  7- 9 | 10-12 | 13-15 | 16-18 | 19-21 | 22-24 | 25-27 || total
-------------------------+-------+-------+-------+-------+-------+-------+-------+-------+-------++-------
Melee: Unarmed           |   145 |   159 |   412 |   698 |  1053 |  1122 |  1164 |   875 |   811 ||  6439
       Punch             |     1 |       |     9 |    41 |   129 |       |       |       |       ||   180
       Scimitar          |       |       |       |       |    19 |    60 |       |       |       ||    79
       Kick              |       |       |       |       |       |   294 |   556 |   386 |   334 ||  1570
Throw: Javelin           |       |       |       |    17 |       |       |     6 |     4 |     1 ||    28
       Large rock        |       |       |       |       |    15 |    52 |   136 |   121 |    78 ||   402
 Cast: Song of Slaying   |       |       |       |       |    72 |    33 |    57 |    68 |    22 ||   252
       Conjure Flame     |       |       |       |       |    26 |    20 |     2 |     7 |     1 ||    56
       Blink             |       |       |       |       |     2 |       |       |     1 |       ||     3
       Confusing Touch   |       |       |       |       |       |    13 |       |       |       ||    13
       Regeneration      |       |       |       |       |       |    24 |    58 |    31 |    50 ||   163
       Passage of Golubr |       |       |       |       |       |       |     3 |     1 |     2 ||     6
       Borgnjor's Vile C |       |       |       |       |       |       |    22 |    61 |    69 ||   152
       Statue Form       |       |       |       |       |       |       |    12 |    66 |    91 ||   169
       Apportation       |       |       |       |       |       |       |     1 |     3 |     1 ||     5
       Summon Lightning  |       |       |       |       |       |       |       |     7 |    19 ||    26
       Irradiate         |       |       |       |       |       |       |       |     1 |     3 ||     4
       Malign Gateway    |       |       |       |       |       |       |       |       |    33 ||    33
       Death Channel     |       |       |       |       |       |       |       |       |    41 ||    41
Invok: Bend Time         |       |       |     4 |     2 |     1 |     1 |       |       |       ||     8
       Slouch            |       |       |       |       |     8 |     4 |    10 |       |       ||    22
 Abil: Evoke Flight      |       |       |       |       |     1 |       |       |       |       ||     1
Evoke: Wand              |       |       |       |     3 |    10 |    11 |     1 |     1 |     5 ||    31
       Phial of floods   |       |       |       |       |     1 |     1 |     1 |     1 |       ||     4
       Phantom mirror    |       |       |       |       |       |     2 |       |       |     1 ||     3
       Lamp of fire      |       |       |       |       |       |       |       |     1 |       ||     1
       Box of beasts     |       |       |       |       |       |       |       |     1 |       ||     1
  Use: Scroll            |       |       |       |    21 |    17 |    14 |    12 |     6 |    15 ||    85
       Potion            |       |       |       |       |     3 |     4 |     2 |       |    20 ||    29
 Stab: Sleeping          |     1 |       |     1 |     1 |     2 |       |       |       |       ||     5
       Confused          |       |       |       |       |       |     9 |     1 |       |       ||    10
       Distracted        |       |       |       |       |       |     2 |       |     1 |    18 ||    21
       Petrified         |       |       |       |       |       |       |       |       |     3 ||     3
       Invisible         |       |       |       |       |       |       |       |       |     1 ||     1
       Petrifying        |       |       |       |       |       |       |       |       |     1 ||     1
  Eat: Chunk             |    22 |    15 |    29 |    52 |    92 |    83 |    75 |    53 |    65 ||   486
       Ration            |       |       |       |       |       |     1 |     3 |     7 |    18 ||    29
Armor: Robe              |    61 |    69 |    14 |       |       |       |       |       |       ||   144
       Quicksilver drago |       |       |   193 |   379 |   551 |   397 |   269 |    76 |       ||  1865
       Skin              |       |       |       |       |       |       |    62 |   335 |   726 ||  1123
       Fire dragon scale |       |       |       |       |       |       |       |    16 |    42 ||    58
Dodge: Dodged            |    63 |    84 |   155 |   312 |   610 |   412 |   379 |   412 |   736 ||  3163
Block: Other             |       |       |       |    34 |    60 |       |       |       |       ||    94
       Reflection        |       |       |       |       |     3 |    68 |   154 |    56 |    32 ||   313
       Shield            |       |       |       |       |     7 |   824 |   854 |   764 |   956 ||  3405
       Rpst.: Scimitar   |       |       |       |       |     3 |     7 |       |       |       ||    10
